 Dungeon Crawl Stone Soup version 0.26-a0-771-g060e6a62af (webtiles) character file.

Game seed: 887450127416680329

85235 marklar909 the Grappler (level 15, -9/132 HPs)
             Began as a Pale Draconian Transmuter on Nov 9, 2020.
             Was a High Priest of Okawaru.
             Mangled by a vault guard
             ... wielding a +0 war axe
              (13 damage)
             ... on level 13 of the Dungeon.
             The game lasted 00:58:37 (34669 turns).

marklar909 the Grappler (DrTm)                     Turns: 34669, Time: 00:58:38

Health: -9/132     AC: 19    Str: 18    XL:     15   Next: 37%
Magic:  22/26      EV: 18    Int: 14    God:    Okawaru [*****.]
Gold:   2560       SH:  0    Dex: 12    Spells: 13/29 levels left

rFire    . . .     SeeInvis .     - Unarmed
rCold    + . .     Faith    .   (shield currently unavailable)
rNeg     . . .     Spirit   .   (armour unavailable)
rPois    +         Reflect  .   (helmet restricted)
rElec    +         Harm     .   Z - +2 cloak {rCorr}
rCorr    +         Rampage  .   (gloves currently unavailable)
MR       +....                  z - +2 pair of boots of the Morning Star {rElec rC+}
Stlth    +++.......             t - amulet of regeneration
HPRegen  0.72/turn              G - +4 ring of protection
MPRegen  0.20/turn              U - ring of poison resistance

@: about to teleport, blade hands, wereblooded
A: breathe steam, unfitting armour, cold-blooded, AC +9
a: Breathe Steam, End Transformation, Heroism, Finesse, Renounce Religion


You were on level 13 of the Dungeon.
You worshipped Okawaru.
Okawaru was extremely pleased with you.
You had blades for hands.
You visited 3 branches of the dungeon, and saw 21 of its levels.
You also visited: Ossuary.

You collected 2560 gold pieces.

Inventory:

Hand Weapons
 P - the +7 fustibalus of the Moon (melded) {flame, rPois rC+}
   (Okawaru gifted it to you on level 2 of the Lair of Beasts)

   It causes projectiles fired from it to burn those they strike, causing extra
   injury to most foes and up to half again as much damage against particularly
   susceptible opponents.
   It protects you from cold.
   It protects you from poison.
 W - a +2 vorpal longbow
Missiles
 e - 392 arrows
 Q - 355 stones (quivered)
 R - 138 sling bullets
Armour
 g - a +2 pair of gloves of archery (melded)
 r - a +2 pair of boots
 z - the +2 pair of boots of the Morning Star (worn) {rElec rC+}
   (Okawaru gifted it to you on level 13 of the Dungeon)

   It protects you from cold.
   It insulates you from electricity.
 Z - a +2 cloak of preservation (worn)
Jewellery
 j - an uncursed ring of resist corrosion
 t - an amulet of regeneration (around neck)
 x - a +4 ring of evasion
 y - an uncursed ring of protection from magic
 B - an uncursed ring of protection from fire
 G - a +4 ring of protection (left scythe-like blade)
 T - an uncursed ring of protection from cold
 U - a ring of poison resistance (right scythe-like blade)
Wands
 v - a wand of iceblast (6)
 N - a wand of acid (23)
 V - a wand of disintegration (2)
Scrolls
 b - 8 scrolls of identify
 h - 4 scrolls of remove curse
 i - 3 scrolls of amnesia
 k - 3 scrolls of fear
 q - 11 scrolls of teleportation
 u - 4 scrolls of fog
 A - 3 scrolls of magic mapping
 E - a scroll of blinking
Potions
 a - 2 potions of might
 c - 6 potions of ambrosia
 d - a potion of brilliance
 f - 8 potions of lignification
 l - 3 potions of cancellation
 m - 4 potions of berserk rage
 n - 3 potions of heal wounds
 o - 7 potions of attraction
 p - 6 potions of flight
 s - 4 potions of mutation
 w - 2 potions of magic {unknown}
 D - 6 potions of curing
 F - 3 potions of haste
 L - a potion of invisibility


   Skills:
 * Level 11.9 Fighting
 + Level 7.1 Slings
 - Level 5.8 Bows
 * Level 11.0 Dodging
 + Level 5.2 Stealth
 + Level 12.1 Unarmed Combat
 - Level 7.5 Spellcasting
 + Level 11.8 Transmutations
 * Level 6.0 Earth Magic
 + Level 1.4 Poison Magic
 * Level 5.0 Invocations
 + Level 1.1 Evocations


You had 13 spell levels left.
You knew the following spells:

 Your Spells              Type           Power        Failure   Level
a - Beastly Appendage     Tmut           #####.       7%          1
b - Wereblood             Tmut           #####...     8%          2
c - Spider Form           Tmut/Pois      ###.......   24%         3
d - Blade Hands           Tmut           #####.....   26%         5
e - Lee's Rapid Deconstr  Erth           ###.......   73%         5

Your spell library contained the following spells:

 Spells                   Type           Power        Failure   Level
 Passwall                 Tmut/Erth      ####....     12%         2
 Sandblast                Erth           ###...       16%         1
 Petrify                  Tmut/Erth      ####....     26%         4
 Stone Arrow              Conj/Erth      ##....       50%         3
 Ice Form                 Ice/Tmut       ###.....     50%         4
 Animate Skeleton         Necr           #.....       54%         1
 Apportation              Tloc           #.....       54%         1
 Corona                   Hex            #......      54%         1
 Magic Dart               Conj           #...         54%         1
 Summon Small Mammal      Summ           #...         54%         1
 Blink                    Tloc           N/A          63%         2
 Call Imp                 Summ           #.......     63%         2
 Ensorcelled Hibernation  Hex/Ice        #.....       63%         2
 Slow                     Hex            #.......     63%         2
 Alistair's Intoxication  Tmut/Pois      ###......    67%         5
 Mephitic Cloud           Conj/Pois/Air  #.......     75%         3
 Yara's Violent Unravell  Hex/Tmut       ###.......   75%         5
 Call Canine Familiar     Summ           #.......     80%         3
 Confusing Touch          Hex            #.......     80%         3
 Conjure Flame            Conj/Fire      #.......     80%         3
 Dazzling Flash           Conj/Hex       #.....       80%         3
 Lesser Beckoning         Tloc           #.........   80%         3
 Summon Guardian Golem    Hex/Summ       #.......     80%         3
 Tukima's Dance           Hex            #.......     80%         3
 Cause Fear               Hex            #.........   98%         4
 Summon Ice Beast         Ice/Summ       #.......     98%         4
 Summon Lightning Spire   Summ/Air       #.......     98%         4
 Silence                  Hex/Air        #.........   100%        5
 Invisibility             Hex            #.......     100%        6
 Discord                  Hex            #.........   100%        8


Dungeon Overview and Level Annotations

Branches:
Dungeon (13/15)            Temple (0/1) D:5            Lair (6/6) D:8
  Swamp (0/4) Lair:3        Snake (0/4) Lair:3        Slime (0/5) Lair:6
    Orc (2/2) D:12            Elf (0/3) Orc:2        Vaults (0/5) D:13
Ossuary (visited)

Altars:
Ashenzari
Elyvilon
Makhleb
Okawaru
Uskayaw
Xom
Beogh
Jiyva

Shops:
D:12 [   Orc:2 ([[(

Annotations:
D:7 exclusion: ice statue
D:8 2 runed translucent doors
D:10 2 transporters


Innate Abilities, Weirdness & Mutations

You can breathe blasts of scalding, opaque steam.
Your pale cyan-grey scales are hard. (AC +9)
You cannot fit into any form of body armour.
You are cold-blooded and may be slowed by cold attacks.


Message History

Unknown command.
You are too injured to fight recklessly!
Unknown command.
You are too injured to fight recklessly!
Unknown command.
Unknown command.
As you read the scroll of teleportation, it crumbles to dust.
You feel strangely unstable.
The vault guard hits you with a +0 war axe!
Something barely misses you. The human misses you.
The human simulacrum hits you but does no damage.
The human barely misses you.
Unknown command.
You howl as the wereblood boils in your veins!
You hear some strange, mumbled words.
A bolt of fire appears from out of thin air!
The bolt of fire hits you!!!
* * * LOW HITPOINT WARNING * * *
The vault guard hits you with a +0 war axe!
You die...

#..#############...........#
##
#..#....[#[(.$(#.#.####....#
##
#.÷÷....)#)...(#.#.#########
## #..'..⌠..#..∩..#.#....##
## #..'..†..#.....#.####..#
##.#†....#...p.#.# ##.##
#.##†''###'p{##.# #..#
#.#.....#...p.#.# ##<##
#.#.....'..Zp@#.# #..###
#.#..⌠.†)..⌠..#.# ##...#
#.#[....).[...#.# ###.####
#.#.....#.....#.#### #....#
#.#############....# ####.#
#..............)...# #..
##############.....# ###
#....># # #.....####


You could see a vault guard (soul bound), 3 humans and a human simulacrum.

Vanquished Creatures
  Saint Roka (Orc:2)
  Fannar (Orc:2)
  Harold (D:12)
  A boulder beetle (D:12)
  5 hydras
  2 catoblepae
  3 two-headed ogres (D:12)
  A death yak (Lair:5)
  Urug (D:12)
  The ghost of quoriil the Covert, a journeyman SpEE of Dithmenos (D:10)
  Nergalle (Lair:2)
  A deep elf knight (D:12)
  A bog body (Lair:3)
  An unseen horror (D:12)
  A wizard (D:12)
  An orc knight (Orc:2)
  A lindwurm (Lair:6)
  3 necromancers (D:13)
  3 oklob plants
  4 orc sorcerers
  3 ugly things (D:12)
  A centaur zombie (D:13)
  14 elephants
  Maurice (D:12)
  A torpor snail (Lair:6)
  3 black mambas
  31 cane toads
  4 rime drakes
  13 komodo dragons
  2 queen bees
  3 meliai (Lair:5)
  5 trolls
  4 polar bears
  5 hornets
  29 blink frogs
  4 tyrant leeches (Lair:6)
  15 dream sheep
  Sigmund (D:3)
  A shadow (D:12)
  A wraith (D:11)
  42 yaks
  8 wyverns
  Eustachio (D:6)
  17 humans (D:13)
  A steam dragon (Lair:4)
  6 vampire mosquitoes
  4 basilisks
  3 wargs
  A soldier ant (D:12)
  3 swamp worms (Lair:3)
  16 water moccasins
  6 ice beasts
  An eye of draining (D:9)
  41 orc warriors
  A black bear (D:8)
  5 sky beasts
  10 ogres
  15 wolves
  A phantom (D:13)
  A necrophage (D:10)
  3 centaurs
  5 big kobolds (D:12)
  30 bullfrogs
  2 elf zombies (Ossuary)
  An elf skeleton (D:4)
  4 gnoll sergeants (D:12)
  A water moccasin skeleton (D:7)
  5 scorpions
  63 killer bees
  9 wights
  7 electric eels
  A quasit (D:6)
  A human zombie (D:4)
  2 jellies
  A bullfrog zombie (D:6)
  2 hounds
  17 orc priests
  2 bullfrog skeletons
  4 human skeletons (D:4)
  7 iguanas
  20 orc wizards
  Jessica (D:2)
  Terence (D:3)
  5 hell rats (Lair:4)
  7 worker ants
  2 big kobold zombies (Ossuary)
  2 hound zombies (Ossuary)
  4 mummies (Ossuary)
  9 adders
  4 gnolls (D:12)
  2 howler monkey skeletons
  2 shadow imps
  3 white imps
  2 ufetubi
  An ooze (D:1)
  4 adder zombies
  2 worms (D:3)
  3 dart slugs
  5 leopard geckos
  103 orcs
  9 bats
  4 giant cockroaches
  10 goblins
  7 hobgoblins
  5 jackals (D:6)
  3 quokkas
  5 frilled lizards
  A goblin zombie (Ossuary)
  A jackal skeleton (D:5)
  9 kobolds
  A kobold zombie (Ossuary)
  A leopard gecko zombie (D:8)
  An orc zombie (Ossuary)
  A quokka zombie (D:9)
  10 rats
775 creatures vanquished.

Vanquished Creatures (others)
  2 orcs
  71 fungi
  140 plants
  2 withered plants (D:10)
215 creatures vanquished.

Grand Total: 990 creatures vanquished

Notes
Turn   | Place    | Note
-------+----------+-------------------------------------------
     0 | D:1      | marklar909 the Draconian Transmuter began the quest for the
                  | Orb.
     0 | D:1      | Reached XP level 1. HP: 16/16 MP: 3/3
   131 | D:1      | Reached XP level 2. HP: 22/23 MP: 3/5
   663 | D:1      | Reached XP level 3. HP: 28/28 MP: 4/6
   713 | D:1      | Learned a level 2 spell: Wereblood
   848 | D:2      | Noticed Jessica
   859 | D:2      | Killed Jessica
   864 | D:2      | Reached XP level 4. HP: 28/35 MP: 4/7
   869 | D:2      | Learned a level 3 spell: Spider Form
  1097 | D:2      | Reached skill level 4 in Unarmed Combat
  1837 | D:3      | Noticed Sigmund
  2590 | D:3      | Noticed Terence
  2807 | D:3      | Reached XP level 5. HP: 40/40 MP: 7/9
  3790 | D:3      | Killed Terence
  3828 | D:3      | Killed Sigmund
  3828 | D:3      | Reached XP level 6. HP: 42/47 MP: 5/11
  4536 | D:3      | Found a shimmering altar of Xom.
  4538 | D:3      | Found an iron altar of Okawaru.
  4539 | D:3      | Found a hide-covered altar of Uskayaw.
  4801 | D:3      | Became a worshipper of Warmaster Okawaru
  5089 | D:4      | Found a sand-covered staircase.
  5108 | Ossuary  | Entered an ossuary
  5152 | Ossuary  | Reached skill level 5 in Unarmed Combat
  5154 | Ossuary  | Your scales start taking on a pale cyan-grey colour.
  5154 | Ossuary  | Reached XP level 7. HP: 21/55 MP: 10/12
  5167 | Ossuary  | Reached skill level 1 in Stealth
  5767 | Ossuary  | Learned a level 5 spell: Blade Hands
  5910 | D:4      | Reached * piety under Okawaru
  6393 | D:4      | Reached skill level 6 in Unarmed Combat
  6699 | D:5      | Entered Level 5 of the Dungeon
  7029 | D:5      | Reached XP level 8. HP: 62/62 MP: 7/14
  7745 | D:6      | Reached skill level 5 in Transmutations
  8004 | D:6      | Noticed Eustachio
  8017 | D:6      | Killed Eustachio
  8141 | D:6      | Reached skill level 5 in Spellcasting
  8145 | D:6      | Reached skill level 1 in Poison Magic
  8333 | D:6      | Reached ** piety under Okawaru
  9090 | D:7      | Reached XP level 9. HP: 71/71 MP: 11/17
  9344 | D:7      | Noticed an ice statue
 10353 | D:8      | Reached skill level 7 in Unarmed Combat
 10844 | D:8      | Found a runed translucent door.
 11732 | D:8      | Found a runed translucent door.
 11807 | D:8      | Found a staircase to the Lair.
 12040 | D:9      | Noticed a troll
 12050 | D:9      | Killed a troll
 12050 | D:9      | Reached skill level 5 in Fighting
 12129 | D:9      | Reached *** piety under Okawaru
 12225 | D:9      | Reached skill level 5 in Dodging
 12378 | D:9      | Reached XP level 10. HP: 38/81 MP: 14/19
 13113 | D:9      | Reached **** piety under Okawaru
 13131 | D:9      | Reached skill level 8 in Unarmed Combat
 13563 | D:9      | Found a white marble altar of Elyvilon.
 14089 | D:9      | Paralysed by a hornet for 2 turns
 14092 | D:9      | Reached skill level 1 in Evocations
 14682 | D:10     | Entered Level 10 of the Dungeon
 14946 | D:10     | Found a transporter.
 14955 | D:10     | Noticed an orc sorcerer
 15126 | D:10     | Reached skill level 1 in Bows
 15284 | D:10     | Found a transporter.
 15290 | D:10     | Found a runed translucent door.
 15291 | D:10     | Noticed quoriil's ghost (journeyman SpEE)
 15299 | D:10     | Noticed an orc sorcerer
 15304 | D:10     | Noticed a deep elf knight
 17072 | D:12     | Noticed a green ugly thing
 17072 | D:12     | Noticed a boulder beetle
 17083 | D:12     | Killed a green ugly thing
 17083 | D:12     | Reached XP level 11. HP: 82/92 MP: 14/21
 17102 | D:12     | Killed a boulder beetle
 17359 | D:12     | Killed an unseen horror
 17412 | D:12     | Noticed a cyan ugly thing
 17415 | D:12     | Noticed Maurice
 17436 | D:12     | Reached ***** piety under Okawaru
 17447 | D:12     | Killed a cyan ugly thing
 17553 | D:12     | Killed Maurice
 17553 | D:12     | Reached skill level 9 in Unarmed Combat
 17760 | D:12     | Noticed a red ugly thing
 17763 | D:12     | Noticed a two-headed ogre
 17766 | D:12     | Killed a red ugly thing
 17766 | D:12     | Received a gift from Okawaru
 17768 | D:12     | Killed a two-headed ogre
 17773 | D:12     | Noticed a two-headed ogre
 17778 | D:12     | Noticed a wizard
 17778 | D:12     | Noticed Urug
 17911 | D:12     | Noticed a two-headed ogre
 17918 | D:12     | Killed a two-headed ogre
 17918 | D:12     | Reached skill level 5 in Stealth
 17977 | D:12     | Noticed a deep elf knight
 18039 | D:12     | Noticed a +5 great sword
 18047 | D:12     | Killed a deep elf knight
 18254 | D:12     | Found a staircase to the Orcish Mines.
 18279 | D:12     | Killed a wizard
 18395 | D:12     | Noticed Harold
 18404 | D:12     | Killed Harold
 18404 | D:12     | Reached XP level 12. HP: 86/103 MP: 17/22
 18544 | D:12     | Found Piel's Antique Armour Boutique.
 18628 | D:12     | Killed a two-headed ogre
 18692 | D:12     | Killed Urug
 19154 | Lair:1   | Entered Level 1 of the Lair of Beasts
 19291 | Lair:1   | Reached skill level 5 in Bows
 19493 | Lair:1   | Reached skill level 10 in Unarmed Combat
 19638 | Lair:1   | Reached skill level 10 in Transmutations
 19996 | Lair:1   | Found a broken altar of Ashenzari.
 20195 | Lair:1   | Received a gift from Okawaru
 20411 | Lair:2   | Noticed Nergalle
 20429 | Lair:2   | Killed Nergalle
 20963 | Lair:2   | Reached ****** piety under Okawaru
 20963 | Lair:2   | Received a gift from Okawaru
 21154 | Lair:2   | Received a gift from Okawaru
 21176 | Lair:2   | Got a smoking fustibalus {god gift}
 21245 | Lair:2   | Identified the +7 fustibalus of the Moon {flame, rPois rC+}
                  | (Okawaru gifted it to you on level 2 of the Lair of Beasts)
 22189 | D:5      | Found a staircase to the Ecumenical Temple.
 22847 | D:10     | Killed quoriil's ghost
 23407 | Lair:3   | Reached skill level 1 in Slings
 23407 | Lair:3   | Reached XP level 13. HP: 108/113 MP: 23/23
 23485 | Lair:3   | Found a staircase to the Swamp.
 23687 | Lair:3   | Found a staircase to the Snake Pit.
 24460 | Lair:4   | Reached skill level 10 in Fighting
 24537 | Lair:4   | Received a gift from Okawaru
 25396 | Lair:5   | Learned a level 2 spell: Passwall
 25403 | Lair:5   | Learned a level 5 spell: Lee's Rapid Deconstruction
 25438 | Lair:5   | Reached skill level 11 in Unarmed Combat
 25571 | Lair:5   | Reached skill level 1 in Earth Magic
 25594 | Lair:5   | Received a gift from Okawaru
 26835 | Lair:5   | Received a gift from Okawaru
 27197 | Lair:5   | Received a gift from Okawaru
 27821 | Lair:5   | Reached XP level 14. HP: 122/122 MP: 24/24
 28110 | Lair:5   | Identified the +1 cloak of Thoughtfulness {Rampage +Fly
                  | MR-} (Okawaru gifted it to you on level 5 of the Lair of
                  | Beasts)
 28121 | Lair:6   | Entered Level 6 of the Lair of Beasts
 28134 | Lair:6   | Reached skill level 10 in Dodging
 28767 | Lair:6   | Reached skill level 1 in Invocations
 29137 | Lair:6   | Reached skill level 5 in Slings
 29970 | Lair:6   | Received a gift from Okawaru
 30254 | Lair:6   | Received a gift from Okawaru
 30552 | Lair:6   | Reached skill level 5 in Earth Magic
 30636 | Lair:6   | Received a gift from Okawaru
 31106 | Lair:6   | Found a viscous altar of Jiyva.
 31106 | Lair:6   | Found a staircase to the Slime Pits.
 31717 | Orc:1    | Entered Level 1 of the Orcish Mines
 31938 | Orc:2    | Entered Level 2 of the Orcish Mines
 32038 | Orc:2    | Found a staircase to the Elven Halls.
 32042 | Orc:2    | Found a roughly hewn altar of Beogh.
 32053 | Orc:2    | Found Enlyciar's Armour Emporium.
 32210 | Orc:2    | Found a roughly hewn altar of Beogh.
 32379 | Orc:2    | Found a roughly hewn altar of Beogh.
 32414 | Orc:2    | Found a burning altar of Makhleb.
 32557 | Orc:2    | Found a roughly hewn altar of Beogh.
 32559 | Orc:2    | Found Ysatob's Weapon Emporium.
 32647 | Orc:2    | Reached XP level 15. HP: 127/130 MP: 21/26
 32947 | Orc:2    | Noticed Saint Roka
 32972 | Orc:2    | Killed Saint Roka
 32972 | Orc:2    | Received a gift from Okawaru
 32972 | Orc:2    | Received a gift from Okawaru
 33181 | Orc:2    | Found Fawewk's Antique Weapon Emporium.
 33182 | Orc:2    | Found a roughly hewn altar of Beogh.
 33183 | Orc:2    | Found Imo Kal Covu's Antique Armour Shoppe.
 33383 | Orc:1    | Noticed Fannar
 33402 | Orc:2    | Killed Fannar
 33831 | Orc:1    | Reached skill level 12 in Unarmed Combat
 34175 | D:13     | Received a gift from Okawaru
 34178 | D:13     | Got a pair of bloodstained boots {god gift}
 34189 | D:13     | Identified the +2 pair of boots of the Morning Star {rElec
                  | rC+} (Okawaru gifted it to you on level 13 of the Dungeon)
 34578 | D:13     | Reached skill level 5 in Invocations
 34650 | D:13     | Found a gate to the Vaults.
 34669 | D:13     | HP: 4/132 [something/bolt of fire (37)]
 34669 | D:13     | Mangled by a vault guard

Illustrated notes

Levels and vault maps discovered:
D:1:      dpeg_arrival_renting, layout_rooms
D:2:      minmay_wonky_spiral, layout_basic, uniq_jessica
D:3:      layout_rooms, gammafunk_temple_overflow_forgotten, minmay_unequal,
          uniq_terence, uniq_sigmund
D:4:      layout_loops_cross, nicolae_ossuary_entry_catacombs,
          grunt_ministairs_8
D:5:      layout_loops_ring, minmay_temple_entry_from_below_a
D:6:      layout_gridville, uniq_eustachio
D:7:      lemuel_ice_statue, layout_basic
D:8:      cheibrodos_histonic, layout_loops_ring, grunt_lair_entry_orc_guard_hut
D:9:      layout_roguey, elyvilon_altar_3, chequers_big_river
D:10:     gammafunk_wand_slinger, layout_irregular_city, gammafunk_ghost_grave
D:11:     layout_layer_cave
D:12:     layout_loops_ring, kennysheep_orc_monster_closet_entryway,
          serial_shops, nicolae_shop_trees, chequers_serial_rivers_micro_d,
          grunt_decor_one_mirror, sword_in_stone, uniq_maurice
D:13:     lemuel_ice_spiral_2, layout_rooms, grunt_vaults_entry_tiered,
          minmay_misc_feat_cross
Lair:1:   layout_long_grid, special_room [special_room_bee], basic_altar,
          columned_hall_lemuel, lemuel_fruit_tree
Lair:2:   layout_gridlike, patterned_corridor, uniq_nergalle
Lair:3:   layout_regular_city, nicolae_swamp_entry_splash_gauntlet,
          dummy_snake_entry, infiniplex_staircase_pool, serial_bayou_shore_b,
          uniq_urug
Lair:4:   layout_regular_city, grunt_megastairs_1
Lair:5:   regret_index_harrowing_hell_hive, layout_misc_corridors,
          enter_volcano_2
Lair:6:   minmay_lair_end_frog_pond, layout_regular_city,
          dpeg_slime_entry_enclosed_altar, grunt_megastairs_3,
          serial_bayou_shore_b
Orc:1:    layout_caves, uniq_fannar
Orc:2:    grunt_orc_community_town_hall, layout_caves,
          grunt_orc_community_big_house_1, grunt_orc_community_big_house_1,
          grunt_orc_community_house_3, grunt_orc_community_house_1,
          grunt_orc_community_house_1, grunt_orc_community_house_2,
          grunt_orc_community_house_1, grunt_orc_community_house_3, basic_altar

Skill      XL: |  1  2  3  4  5  6  7  8  9 10 11 12 13 14 15 |
---------------+----------------------------------------------+-----
Dodging        | 2 3 4 5 6 7 8 9 10 11 | 11.0
Unarmed Combat | 4 5 6 7 8 9 10 11 12 | 12.1
Transmutations | 3 4 6 7 8 9 10 11 | 11.8
Spellcasting   | 3 4 5 6 7 |  7.5
Fighting       | 2 3 5 7 8 9 10 11 | 11.9
Stealth        | 1 2 5 |  5.2
Poison Magic   | 1 |  1.4
Evocations     | 1 |  1.1
Bows           | 2 4 5 |  5.8
Slings         | 1 4 6 7 |  7.1
Earth Magic    | 3 5 6 |  6.0
Invocations    | 4 5 |  5.0

Action                   |  1- 3 |  4- 6 |  7- 9 | 10-12 | 13-15 || total
-------------------------+-------+-------+-------+-------+-------++-------
Melee: Unarmed           |    65 |   226 |   325 |   442 |   599 ||  1657
       Kick              |    13 |    28 |    25 |     2 |       ||    68
       Tailslap          |     8 |    17 |    30 |    47 |    71 ||   173
       Headbutt          |    10 |    28 |    15 |     1 |       ||    54
       Punch             |     3 |     3 |     6 |    14 |    19 ||    45
 Fire: Shortbow          |       |       |       |   202 |       ||   202
       Fustibalus        |       |       |       |    21 |   529 ||   550
 Cast: Beastly Appendage |    18 |    32 |    19 |     1 |     1 ||    71
       Wereblood         |     1 |    25 |    24 |    24 |    47 ||   121
       Spider Form       |       |     4 |    13 |       |       ||    17
       Blade Hands       |       |       |    17 |    81 |    73 ||   171
Invok: Heroism           |       |       |       |     4 |     7 ||    11
       Finesse           |       |       |       |       |     2 ||     2
 Abil: Breathe Steam     |       |       |    12 |    23 |    10 ||    45
Evoke: Wand              |       |       |     3 |     8 |       ||    11
  Use: Scroll            |       |     1 |    19 |    15 |    14 ||    49
       Potion            |       |     2 |       |       |     4 ||     6
 Stab: Sleeping          |       |       |     1 |       |       ||     1
       Paralysed         |       |       |       |    15 |       ||    15
       Petrified         |       |       |       |       |     4 ||     4
Armor: Skin              |    27 |    92 |    92 |   199 |   353 ||   763
Dodge: Dodged            |    44 |   176 |   214 |   432 |  1025 ||  1891

Table legend: (Time is in decaauts)
 A = Elapsed time spent in this place.
 B = Non-inter-level travel time spent in this place.
 C = Inter-level travel time spent in this place.
 D = Time resting spent in this place.
 E = Time spent auto-exploring this place.
 F = Levels seen in this place.
 G = Mean time per level.
                   A        B        C        D        E       F      G
               +--------+--------+--------+--------+--------+-----+--------+
         Total |  34657 |  32011 |   2646 |   6303 |  20615 |  22 | 1575.3 |
       Dungeon |  20632 |  18863 |   1769 |   4065 |  12209 |  13 | 1587.1 |
          Lair |  11066 |  10368 |    698 |   1935 |   6520 |   6 | 1844.3 |
  Orcish Mines |   2282 |   2104 |    178 |    193 |   1457 |   2 | 1141.0 |
       Ossuary |    676 |    676 |      0 |    110 |    428 |   1 |  676.0 |
               +--------+--------+--------+--------+--------+-----+--------+

Top non-repeatable levels by time:
  Lair:5: 3565 daAuts
     D:2: 2829 daAuts
     D:9: 2755 daAuts
  Lair:4: 2076 daAuts
     D:8: 1940 daAuts
    D:12: 1838 daAuts
    D:11: 1785 daAuts
     D:7: 1747 daAuts
   Orc:2: 1715 daAuts
  Lair:6: 1627 daAuts
  Lair:1: 1620 daAuts
     D:6: 1560 daAuts
     D:3: 1382 daAuts
     D:4: 1368 daAuts
  Lair:2: 1225 daAuts
